 Dungeon Crawl Stone Soup version 0.29-a0-284-gf9362112df (webtiles) character file.

Game seed: 11471444260976993066

1036 cojito the Shooter (level 8, -1/65 HPs)
             Began as a Palentonga Hunter on Mar 30, 2022.
             Succumbed to a scorpion's poison
             ... on level 5 of the Dungeon.
             The game lasted 00:13:00 (7472 turns).

cojito the Shooter (Palentonga Hunter)              Turns: 7472, Time: 00:13:00

Health: -1/65      AC:  9    Str: 17    XL:     8   Next: 3%
Magic:  8/8        EV:  3    Int: 10    God:
Gold:   201        SH:  0    Dex: 13    Spells: 7/7 levels left

rFire   . . .      SeeInvis +   B - staff of poison
rCold   . . .      Faith    .   (no shield)
rNeg    . . .      Spirit   .   u - +0 plate armour
rPois   +          Reflect  .   (no helmet)
rElec   .          Harm     .   x - scarf {repulsion}
rCorr   .          Rampage  .   d - +0 pair of gloves
Will    .....                   (no barding)
Stlth   ..........              (no amulet)
HPRegen 0.20/turn               (no ring)
MPRegen 0.11/turn               (no ring)

@: mighty, lethally poisoned (-1 -> -9), repel missiles
A: large, rugged brown scales 3, see invisible, deformed body, roll 1, armoured
tail, reflexive curl
a: Rolling Charge


You were on level 5 of the Dungeon.
You visited 1 branch of the dungeon, and saw 6 of its levels.

You collected 259 gold pieces.
You spent 58 gold pieces at shops.

Inventory:

Hand Weapons
 a - a +1 shortbow
 b - a +1 trident of venom
 q - a +2 flail of draining
Missiles
 f - 140 stones
 r - a throwing net
 s - 2 silver javelins
 w - 2 javelins
 y - 4 boomerangs (quivered)
Armour
 d - a +0 pair of gloves (worn)
 k - a +0 leather armour
 l - an orb of wrath
 u - a +0 plate armour (worn)
 v - the +0 ring mail of the Evening {rElec Str-5 Int+7}
   (You found it on level 4 of the Dungeon)

   Str:       It affects your strength (-5).
   Int:       It affects your intelligence (+7).
   rElec:     It insulates you from electricity.
 x - a scarf of repulsion (worn)
Magical Staves
 B - a staff of poison (weapon)
Jewellery
 t - an amulet of faith
 z - a ring of poison resistance
Scrolls
 c - 2 scrolls of immolation
 e - a scroll of enchant weapon {unknown}
 g - 2 scrolls of vulnerability
 i - 2 scrolls of enchant armour {unknown}
 m - a scroll of noise {unknown}
 n - a scroll of fog
 o - 3 scrolls of teleportation {unknown}
Potions
 h - a potion of berserk rage
 j - 2 potions of cancellation
 p - a potion of might
 A - a potion of haste {unknown}


   Skills:
 * Level 4.9 Fighting
 * Level 5.3 Bows
 * Level 3.1 Throwing
 + Level 3.0 Dodging
 + Level 2.3 Stealth
 - Level 0.2 Unarmed Combat


You had 7 spell levels left.
You didn't know any spells.
Your spell library contained the following spells:

 Spells                   Type           Power      Damage    Failure   Level
 Shock                    Conj/Air       0%         1d3       100%        1
 Slow                     Hex            0%         N/A       100%        1
 Confusing Touch          Hex            0%         N/A       100%        3
 Gell's Gravitas          Tloc           0%         N/A       100%        3
 Lesser Beckoning         Tloc           0%         N/A       100%        3
 Swiftness                Air            0%         N/A       100%        3
 Teleport Other           Tloc           0%         N/A       100%        3
 Vampiric Draining        Necr           0%         2d6       100%        3
 Airstrike                Air            0%         N/A       100%        4


Dungeon Overview and Level Annotations

Branches:
Dungeon (6/15)
 Temple: D:4-7

Altars:
Xom

Shops:
D:2 *

Annotations:
D:6 Maggie


Innate Abilities, Weirdness & Mutations

You are completely covered in rugged brown scales. (AC +3, +7% HP)
You have supernaturally acute eyesight. (SInv)
Armour fits poorly on your strangely shaped body.
You can roll at nearby foes to attack.
You have a long armoured tail.
You curl defensively after being hit. (AC +7*)


Message History

The boomerang barely misses the scorpion.
You feel sick.
The scorpion stings you but does no damage.
Throw: 4 boomerangs
Press: ? - help, Q - select action, (/) - cycle Shift-Dir - straight line, f/p - scorpion
Aim: a scorpion (severely wounded, 60% to hit)
You throw a boomerang.
The boomerang hits the scorpion but does no damage.
The scorpion is severely wounded.
You feel sick.
The scorpion stings you but does no damage.
Throw: 4 boomerangs
Press: ? - help, Q - select action, (/) - cycle Shift-Dir - straight line, f/p - scorpion
Aim: a scorpion (severely wounded, 60% to hit)
You throw a boomerang.
The boomerang barely misses the scorpion.
You feel sick.
You are no longer poisoned.
The scorpion stings you but does no damage.
The scorpion stings you.
* * * LOW HITPOINT WARNING * * *
You are lethally poisoned!
The scorpion poisons you!
Throw: 4 boomerangs
Press: ? - help, Q - select action, (/) - cycle Shift-Dir - straight line, f/p - scorpion
Aim: a scorpion (severely wounded, 60% to hit)
You throw a boomerang. The boomerang hits the scorpion.
The scorpion is severely wounded.
* * * LOW HITPOINT WARNING * * *
You feel very sick. The scorpion stings you.
* * * LOW HITPOINT WARNING * * *
It was a potion of cancellation.
You feel magically purged.
* * * LOW HITPOINT WARNING * * *
You feel sick. The scorpion stings you.
* * * LOW HITPOINT WARNING * * *
Okay, then.
It was a potion of might.
You feel very mighty all of a sudden.
You die...

..........#
#.<)#.⌠.#.<.##.....
###.......#
#...).......##...##
####....#########)..######.###
##...##.................#
##.###........8........####
#.........................
#.....######...######.....
#.....##...........#####..
#.##..##.@.#.⌠.#.>.# #...
###.#...##s..........# #...
#####.......######.#.#####
##.. ##...........######...#
#.. .................##.>.#
##. ....#####........##...# #.
....# #.....[..###### ## ....#
#........#### #####
##..........#


You could see a scorpion.

Vanquished Creatures
  Grinder (D:5)
  Sigmund (D:2)
  Menkaure (D:5)
  An ogre (D:5)
  2 phantoms (D:5)
  A hound (D:5)
  A jelly (D:4)
  A gnoll shaman (D:5)
  2 iguanas (D:4)
  10 gnolls
  3 adders
  10 orcs
  6 ball pythons
  5 bats
  3 endoplasms
  10 hobgoblins
  2 jackals (D:1)
  3 kobolds
  3 quokkas
  4 goblins
  2 rats
72 creatures vanquished.

Notes
Turn   | Place    | Note
-------+----------+-------------------------------------------
     0 | D:1      | cojito the Palentonga Hunter began the quest for the Orb.
     0 | D:1      | Reached XP level 1. HP: 17/17 MP: 1/1
   176 | D:1      | Reached XP level 2. HP: 23/23 MP: 2/2
  1057 | D:2      | Found Zoerodar's Assorted Antiques.
  1093 | D:2      | Bought a scroll labelled IZXOEG GOUNIT for 29 gold pieces
  1093 | D:2      | Bought a scroll labelled ODA SICIJYQUY for 29 gold pieces
  1223 | D:2      | Reached XP level 3. HP: 20/29 MP: 3/3
  1417 | D:2      | Noticed Sigmund
  1588 | D:2      | Killed Sigmund
  1589 | D:2      | Reached skill level 4 in Bows
  1589 | D:2      | Reached skill level 1 in Throwing
  1589 | D:2      | Reached skill level 1 in Stealth
  1589 | D:2      | Reached XP level 4. HP: 23/37 MP: 4/4
  1589 | D:2      | Reached XP level 5. HP: 27/43 MP: 5/5
  2262 | D:2      | Identified the +1 ring mail of Context {Int+4}
  3896 | D:4      | Identified the +0 ring mail of the Evening {rElec Str-5
                  | Int+7}
  4004 | D:4      | Reached XP level 6. HP: 23/50 MP: 6/6
  4048 | D:5      | Entered Level 5 of the Dungeon
  5692 | D:5      | Noticed Grinder
  5949 | D:6      | Noticed Maggie
  5959 | D:5      | Killed Grinder
  5960 | D:5      | Gained mutation: You curl defensively after being hit. (AC
                  | +7*) [Palentonga growth]
  5960 | D:5      | Reached XP level 7. HP: 46/57 MP: 7/7
  6054 | D:5      | Reached skill level 5 in Bows
  6295 | D:5      | Noticed Menkaure
  6317 | D:5      | Killed Menkaure
  6759 | D:5      | Found a shimmering altar of Xom.
  6760 | D:5      | Found a shimmering altar of Xom.
  6764 | D:5      | Found a shimmering altar of Xom.
  6764 | D:5      | Found a shimmering altar of Xom.
  6782 | D:5      | Found a shimmering altar of Xom.
  6923 | D:5      | Reached XP level 8. HP: 65/65 MP: 8/8
  7471 | D:5      | HP: 2/65 [poisoned by a scorpion]
  7472 | D:5      | Succumbed to a scorpion's poison

Illustrated notes

Levels and vault maps discovered:
D:1:      evilmike_arrival_rings, layout_loops_corners, serial_bayou_pond_a,
          minmay_misc_feat_more_columns
D:2:      layout_basic, serial_shops, shop_statue, minivault_24, uniq_sigmund
D:3:      layout_loops_corners, serial_bayou_ford_a,
          chequers_serial_rivers_micro_c, lemuel_flame_loot_1
D:4:      layout_basic
D:5:      layout_cave_pods, xom_redecorated, nicolae_elevator_lobby_plus,
          uniq_grinder, uniq_menkaure
D:6:      layout_cave_pools, kennysheep_mini, nicolae_overflow_hidden_temple,
          uniq_maggie

Skill      XL: |  1  2  3  4  5  6  7 |
---------------+----------------------+-----
Fighting       | 3 4 |  4.9
Bows           | 4 5 |  5.3
Throwing       | 1 2 3 |  3.1
Dodging        | 2 3 |  3.0
Stealth        | 1 2 |  2.3
Unarmed Combat | |  0.2

Action                   |  1- 3 |  4- 6 |  7- 9 || total
-------------------------+-------+-------+-------++-------
Melee: Unarmed           |    15 |       |       ||    15
       Dagger            |     6 |       |       ||     6
       Tailslap          |     2 |     8 |     4 ||    14
       Punch             |     1 |     1 |     1 ||     3
       Trident           |     8 |    91 |    30 ||   129
       Staff             |       |       |     9 ||     9
 Fire: Shortbow          |    46 |       |       ||    46
Throw: Stone             |       |    24 |    28 ||    52
       Javelin           |       |    14 |    10 ||    24
       Boomerang         |       |       |    24 ||    24
 Abil: Rolling Charge    |       |     1 |     1 ||     2
  Use: Scroll            |     3 |     2 |     2 ||     7
       Potion            |     1 |     4 |     4 ||     9
 Stab: Sleeping          |       |     1 |       ||     1
Armor: Leather armour    |    34 |    19 |       ||    53
       Plate armour      |       |    14 |    40 ||    54
Dodge: Dodged            |    29 |    23 |     8 ||    60

Table legend: (Time is in decaauts)
 A = Elapsed time spent in this place.
 B = Non-inter-level travel time spent in this place.
 C = Inter-level travel time spent in this place.
 D = Time resting spent in this place.
 E = Time spent auto-exploring this place.
 F = Levels seen in this place.
 G = Mean time per level.
                   A        B        C        D        E       F      G
               +--------+--------+--------+--------+--------+-----+--------+
         Total |   7563 |   6811 |    752 |   1089 |   4678 |   6 | 1260.5 |
       Dungeon |   7563 |   6811 |    752 |   1089 |   4678 |   6 | 1260.5 |
               +--------+--------+--------+--------+--------+-----+--------+

Top non-repeatable levels by time:
     D:4: 2315 daAuts
     D:5: 1749 daAuts
     D:1: 1208 daAuts
     D:3: 1145 daAuts
     D:2: 1138 daAuts
     D:6: 6 daAuts
